 Dungeon Crawl Stone Soup version 0.20.0-15-g7f486f2 (webtiles) character file.

39 Hasart the Magician (level 3, -6/24 HPs)
             Began as a Demonspawn Wizard on June 12, 2017.
             Mangled by a gnoll
             ... wielding a +0 whip
              (7 damage)
             ... on level 2 of the Dungeon.
             The game lasted 00:04:43 (1744 turns).

Hasart the Magician (Demonspawn Wizard)             Turns: 1744, Time: 00:04:44

Health: -6/24      AC:  2    Str:  7    XL:     3   Next: 28%
Magic:  7/7        EV: 12    Int: 20    God:
Gold:   101        SH:  0    Dex: 11    Spells: 7/8 levels left

rFire    . . .     SeeInvis .   f - +0 dagger
rCold    . . .     Gourm    .   (no shield)
rNeg     . . .     Faith    .   a - +0 robe
rPois    .         Spirit   .   b - +0 hat
rElec    .         Reflect  .   (no cloak)
rCorr    .         Harm     .   (no gloves)
MR       .....                  (no boots)
Stlth    ++........             (no amulet)
Regen    0.1/turn               (no ring)
MPRegen  0.1/turn               (no ring)

@: no status effects
A: spiny 1
a: no special abilities


You were on level 2 of the Dungeon.
You were not hungry.

You visited 1 branch of the dungeon, and saw 2 of its levels.

You collected 101 gold pieces.

Inventory:

Hand Weapons
 f - a +0 dagger (weapon)
Armour
 a - a +0 robe (worn)
 b - a +0 hat (worn)
Scrolls
 g - a scroll of remove curse {unknown}
 h - 3 scrolls of blinking {unknown}
 i - a scroll of magic mapping {unknown}
 j - a scroll of identify {unknown}
Potions
 e - a potion of haste {unknown}
 k - a potion of agility {unknown}
Books
 c - a book of Minor Magic

   Spells                             Type                      Level
   a - Magic Dart                     Conjuration                  1
   b - Blink                          Translocation                2
   c - Call Imp                       Summoning                    2
   d - Slow                           Hexes                        2
   e - Conjure Flame                  Conjuration/Fire             3
   f - Mephitic Cloud                 Conjuration/Poison/Air       3
Comestibles
 d - 3 bread rations


   Skills:
 - Level 1.7 Dodging
 - Level 1.7 Stealth
 + Level 3.2 Spellcasting
 * Level 2.8 Conjurations
   Level 1.0 Summonings
   Level 0.8 Translocations


You had 7 spell levels left.
You knew the following spells:

 Your Spells              Type           Power        Failure   Level  Hunger
a - Magic Dart            Conj           ##..         4%          1    None


Dungeon Overview and Level Annotations

Branches:
Dungeon (2/15)

Altars:


Innate Abilities, Weirdness & Mutations

You are partially covered in sharp spines.


Message History

i - a scroll labeled IHAAWE YSUHADDAE
Found a stone staircase leading down.
k - a bubbling emerald potion
Found a chain mail.
A gnoll comes into view. It is wielding a whip.
The gnoll shouts!
A gnoll comes into view. It is wielding a flail.
Found a stone staircase leading down.
A gnoll comes into view. It is wielding a spear.
The gnoll shouts!
You hit the gnoll but do no damage. The gnoll misses you.
You closely miss the gnoll. The gnoll hits you with a whip!
You barely miss the gnoll. The gnoll is struck by your spines.
The gnoll hits you with a whip!
Ouch! That really hurt!
* * * LOW HITPOINT WARNING * * *
You hit the gnoll but do no damage.
The gnoll is moderately wounded.
The gnoll is struck by your spines. The gnoll hits you with a whip!
You die...

#...........##..... ..
#......[..####.#### .>.
#.........# #.#
...###.........# .... .
.......###..#.##..#. ##
#..g.. #..........#
#..... #..........#
#.....###.##.......# #
#..g.g@............# ##
........#...#.......###.
#.......#..##..#..##....
#.............###....###
............#####..#####
............###.........
................#.##....
...........#.###........
.....(...<....#...##....


You could see 3 gnolls.

Vanquished Creatures
  An ooze (D:1)
  3 dart slugs (D:1)
  A leopard gecko (D:1)
  3 giant cockroaches (D:1)
  3 goblins (D:1)
  6 hobgoblins
  3 frilled lizards
  4 kobolds
  3 rats
27 creatures vanquished.

Notes
Turn   | Place    | Note
-------+----------+-------------------------------------------
     0 | D:1      | Hasart the Demonspawn Wizard began the quest for the Orb.
     0 | D:1      | Reached XP level 1. HP: 13/13 MP: 4/4
   405 | D:1      | Gained mutation: You are partially covered in sharp spines. [demonic ancestry]
   405 | D:1      | Reached XP level 2. HP: 19/19 MP: 0/6
  1210 | D:1      | Reached XP level 3. HP: 24/24 MP: 0/7
  1743 | D:2      | HP: 1/24 [gnoll/whip (12)]
  1744 | D:2      | Mangled by a gnoll

Skill      XL: |  1 |
---------------+----+-----
Conjurations   | 2 |  2.8
Dodging        | |  1.7
Stealth        | |  1.7
Spellcasting   | |  3.2
Summonings     | |  1.0
Translocations | |  0.8

Action                   || total
-------------------------++-------
Melee: Dagger            ||    55
 Cast: Magic Dart        ||    51
  Eat: Chunk             ||     2
Armor: Robe              ||    10
Dodge: Dodged            ||    45
